[Event "Titled Tuesday Blitz February 22 Early 2022"]
[White "Bortnyk, Olexandr"]
[Black "Van Foreest, Jorden"]
[WhiteFideId "14120828"]
[BlackFideId "1039784"]
[WhiteElo "2723"]
[BlackElo "2609"]
[Result "1-0"]
[Round "05"]
[TimeControl "180+1"]
[Date "2022.02.22"]
[WhiteClock "0:00:05"]
[BlackClock "0:00:12"]

1. d4 Nf6 2. Bf4 e6 3. e3 b6 4. Nf3 Bb7 5. Nbd2 c5 6. c3 Be7 7. Bd3 cxd4 8. exd4 O-O 9. Qe2 a6 10. h4 d6 11. h5 Nbd7 12. O-O-O b5 13. g4 b4 14. c4 e5 15. Bg5 e4 16. Bxf6 Nxf6 17. Nxe4 Nxe4 18. Bxe4 d5 19. cxd5 Bxd5 20. Kb1 Re8 21. Ne5 Qa5 22. Bxd5 Qxd5 23. Qc4 Rad8 24. Qxd5 Rxd5 25. Rhe1 Kf8 26. Nc6 Bd6 27. f3 g6 28. hxg6 fxg6 29. Rxe8+ Kxe8 30. Rh1 h5 31. gxh5 gxh5 32. Ne5 Rxd4 33. Rxh5 Rd1+ 34. Kc2 Rf1 35. Nc4 Be7 36. Rf5 Kd7 37. Ra5 Rf2+ 38. Kd1 Kc6 39. b3 Kb7 40. Rf5 Kc6 41. Ra5 Kb7 42. Re5 Bd8 43. Rd5 Bc7 44. Nd2 Bf4 45. Rd3 Kc6 46. Rd4 Be3 47. Rd3 Bg5 48. Ne4 Rg2 49. Nxg5 Rxg5 50. Rd2 Re5 51. Re2 Rf5 52. Rf2 Kd5 53. Rd2+ Ke5 54. Ke2 Rh5 55. Ke3 Rh1 56. f4+ Ke6 57. Kd4 Rf1 58. Kc5 Rxf4 59. Rd6+ Ke5 60. Rxa6 Rh4 61. Ra4 Rh8 62. Rxb4 Rc8+ 63. Kb5 Kd5 64. Ra4 Rb8+ 65. Ka6 Kc5 66. Rc4+ Kd6 67. Ka7 Rb5 68. Ka6 Rb8 69. Rc2 Kd5 70. Ka5 Kd4 71. Rc4+ Kd5 72. Rc2 Ra8+ 73. Kb4 Rb8+ 74. Ka3 Kd4 75. Kb2 Kd3 76. Rc4 Rf8 77. a4 Rf1 78. a5 Rg1 79. a6 Rg2+ 80. Ka3 Rg1 81. Kb4 Ra1 82. Kb5 Rh1 83. a7 Rh5+ 84. Rc5 Rh8 85. Kb6 Kd4 86. b4 Rg8 87. Rc6 Kd5 88. b5 Rf8 89. Kb7 Rf7+ 90. Rc7 1-0


[Site "https://www.chess.com"]

[Event "Titled Tuesday Blitz February 22 Early 2022"]
[White "Brankovic, Dejan"]
[Black "Warchol, Kamil"]
[WhiteFideId "921602"]
[BlackFideId "21858241"]
[WhiteElo "2209"]
[BlackElo "1905"]
[Result "0-1"]
[Round "05"]
[TimeControl "180+1"]
[Date "2022.02.22"]
[WhiteClock "0:00:03"]
[BlackClock "0:00:12"]

1. e4 c5 2. Nf3 e6 3. c3 d5 4. e5 d4 5. Bb5+ Bd7 6. Bxd7+ Qxd7 7. d3 Nc6 8. O-O Nge7 9. cxd4 cxd4 10. Nbd2 Ng6 11. Re1 Be7 12. a4 O-O 13. Nc4 Rfd8 14. Bd2 Rac8 15. Qe2 Nb4 16. Rec1 Qd5 17. g3 h6 18. Bxb4 Bxb4 19. h4 Ne7 20. Nfd2 Nc6 21. f4 b5 22. axb5 Qxb5 23. Ne4 Rb8 24. h5 Be7 25. Kh2 a6 26. Ra2 Nb4 27. Ra5 Qb7 28. Rca1 Ra8 29. R5a4 Nd5 30. Ned6 Bxd6 31. Nxd6 Qb6 32. Nc4 Qb7 33. Qg2 Qb5 34. Qe2 Nb4 35. Ra5 Qb7 36. R5a3 Nd5 37. Qg2 Qb5 38. Kh3 Rdb8 39. Qe4 Qb7 40. Qxd4 Nb4 41. Qe4 Qb5 42. Nd6 Qc5 43. d4 Qc2 44. Rc3 Qxe4 45. Nxe4 Nd5 46. Rc2 Rb4 47. Rd2 a5 48. Nc5 a4 49. Rc2 Rxd4 50. b3 a3 51. Rca2 Rc8 52. Na4 Rd3 53. Rxa3 Nxf4+ 54. Kg4 Nd5 55. b4 Rd4+ 56. Kh3 Rxb4 57. Rd3 Ra8 58. Rda3 Rb7 0-1


[Site "https://www.chess.com"]

[Event "Titled Tuesday Blitz February 22 Early 2022"]
[White "Brodowski, Piotr"]
[Black "Pesotskiy, Mikhail"]
[WhiteFideId "1124480"]
[BlackFideId "34164453"]
[WhiteElo "2422"]
[BlackElo "2010"]
[Result "1-0"]
[Round "05"]
[TimeControl "180+1"]
[Date "2022.02.22"]
[WhiteClock "0:00:10"]
[BlackClock "0:00:13"]

1. e4 e6 2. d4 d5 3. Nd2 Nf6 4. e5 Nfd7 5. f4 c5 6. c3 Nc6 7. Ndf3 Qb6 8. a3 a5 9. b3 f6 10. Bd3 Be7 11. Ne2 O-O 12. Bb1 Rf7 13. Ra2 Nf8 14. O-O Bd7 15. Kh1 Rc8 16. exf6 Bxf6 17. Be3 cxd4 18. cxd4 a4 19. b4 Ne7 20. g4 Neg6 21. Ng3 Bb5 22. Rff2 Rc3 23. Qe1 Qc7 24. f5 exf5 25. Nxf5 Nf4 26. Rac2 Nd3 27. Qxc3 Nxf2+ 28. Bxf2 Qf4 29. Qe3 Qxg4 30. Bg3 Qxf5 31. Rc1 Qg4 32. Rg1 Re7 33. Be5 Qe6 34. Ng5 Bxg5 35. Qxg5 Qd7 36. Bf5 Qc7 37. Bxc7 Rxc7 38. Qd8 Rf7 39. Be6 Be8 40. Qxe8 1-0


[Site "https://www.chess.com"]

[Event "Titled Tuesday Blitz February 22 Early 2022"]
[White "Caputcuoglu, Zeki Berke"]
[Black "Samarth, J Rao"]
[WhiteFideId "34548610"]
[BlackFideId "46652370"]
[WhiteElo "1368"]
[BlackElo "1514"]
[Result "1-0"]
[Round "05"]
[TimeControl "180+1"]
[Date "2022.02.22"]
[WhiteClock "0:02:10"]
[BlackClock "0:00:03"]

1. e4 e6 2. d4 d5 3. Nd2 c5 4. Ngf3 cxd4 5. Nxd4 Nc6 6. Bb5 Bd7 7. Nxc6 bxc6 8. Bd3 Bd6 9. Ke2 Nf6 10. Re1 Qb6 11. Kf1 e5 12. Kg1 O-O 13. c3 Rad8 14. Qe2 Rfe8 15. h3 Nh5 16. Nf3 Nf4 17. Bxf4 exf4 18. e5 f6 19. Bxh7+ Kh8 20. Bg6 Re7 21. Ng5 1-0


[Site "https://www.chess.com"]

[Event "Titled Tuesday Blitz February 22 Early 2022"]
[White "Cherniaiev, Tykhon"]
[Black "Jeet, Jain"]
[WhiteFideId "14182360"]
[BlackFideId "5073022"]
[WhiteElo "2289"]
[BlackElo "2085"]
[Result "1-0"]
[Round "05"]
[TimeControl "180+1"]
[Date "2022.02.22"]
[WhiteClock "0:01:27"]
[BlackClock "0:00:11"]

1. Nf3 d5 2. c4 e6 3. b3 Nf6 4. Bb2 b6 5. g3 Bb7 6. Bg2 Be7 7. O-O O-O 8. Nc3 Qc8 9. d4 c5 10. Rc1 Rd8 11. cxd5 exd5 12. e3 a6 13. Re1 Nbd7 14. dxc5 bxc5 15. Na4 Bc6 16. Ne5 Nxe5 17. Bxe5 Bxa4 18. bxa4 Qc6 19. Qf3 Qxa4 20. Bxf6 Bxf6 21. Rxc5 Qxa2 22. Rxd5 Rxd5 23. Qxd5 Qxd5 24. Bxd5 Rd8 25. e4 a5 26. Rb1 Rd7 27. Kg2 g5 28. f4 gxf4 29. gxf4 Bc3 30. Kf3 a4 31. Rb8+ Kg7 32. Ra8 f5 33. Rxa4 fxe4+ 34. Bxe4 Bf6 35. Ra2 h6 36. Kg4 Rc7 37. Kf5 Rc5+ 38. Ke6 Bd4 39. Rg2+ Kf8 40. Bh7 Bg7 41. Be4 Ra5 42. Rc2 Ra6+ 43. Kf5 Ra5+ 44. Kg6 Ra6+ 45. Kh7 Bd4 46. Bg6 Be3 47. Rc8+ Ke7 48. Re8+ Kf6 49. Rxe3 Ra7+ 50. Kxh6 Ra2 51. h3 Rh2 52. f5 Re2 53. Re6+ Rxe6 54. fxe6 Kxe6 55. Kg7 1-0


[Site "https://www.chess.com"]

[Event "Titled Tuesday Blitz February 22 Early 2022"]
[White "Chigaev, Maksim"]
[Black "Klukin, Kirill"]
[WhiteFideId "4108116"]
[BlackFideId "24199273"]
[WhiteElo "2502"]
[BlackElo "2324"]
[Result "1-0"]
[Round "05"]
[TimeControl "180+1"]
[Date "2022.02.22"]
[WhiteClock "0:00:06"]
[BlackClock "0:00:19"]

1. c4 c5 2. Nc3 Nc6 3. Nf3 g6 4. e3 Nf6 5. d4 cxd4 6. exd4 d5 7. cxd5 Nxd5 8. Qb3 e6 9. Bb5 Bg7 10. O-O O-O 11. Bxc6 bxc6 12. Na4 Ba6 13. Re1 Rb8 14. Qd1 Nc7 15. Nc5 Bc4 16. Ne5 Bd5 17. Ned7 Rb4 18. Nxf8 Rxd4 19. Qe2 Qxf8 20. Nb3 Re4 21. Be3 Nb5 22. f3 Rxe3 23. Qxe3 Bxb2 24. Kh1 Bxa1 25. Rxa1 Qa3 26. Qe5 a5 27. Qb8+ Kg7 28. Qe5+ Kg8 29. h4 h5 30. Nd2 Qc3 31. Qxc3 Nxc3 32. a3 a4 33. Rc1 Nb5 34. Nb1 Kf8 35. Nc3 Nxa3 36. Nxa4 Nb5 37. Kg1 Nd4 38. Kf2 Nf5 39. g3 Kg7 40. Nc3 Nd6 41. Ne2 Nb5 42. Nf4 Nd6 43. Nd3 Nf5 44. Ne5 Nd4 45. Ke3 Nb3 46. Rc3 f6 47. Nxc6 e5 48. Nb4 Bf7 49. Rc7 Nd4 50. Kf2 Kf8 51. Ra7 Bd5 52. Nxd5 f5 53. Ra8+ Kf7 54. Ra7+ Ke6 55. Ne3 f4 56. Ra6+ Kd7 57. gxf4 exf4 58. Nd5 Nf5 59. Rxg6 Nxh4 60. Rg5 Ke6 61. Rxh5 Nf5 62. Nxf4+ Ke5 63. Rxf5+ Kxf5 64. Ng2 1-0


[Site "https://www.chess.com"]

[Event "Titled Tuesday Blitz February 22 Early 2022"]
[White "Chincholimath, Halsagar"]
[Black "Sanchez, Robert"]
[WhiteFideId "5022487"]
[BlackFideId "2034360"]
[WhiteElo "1737"]
[BlackElo "2271"]
[Result "1-0"]
[Round "05"]
[TimeControl "180+1"]
[Date "2022.02.22"]
[WhiteClock "0:00:39"]
[BlackClock "0:00:02"]

1. e4 e6 2. d4 d5 3. e5 c5 4. c3 Nc6 5. Nf3 Bd7 6. Bd3 cxd4 7. cxd4 Qb6 8. O-O Nxd4 9. Nxd4 Qxd4 10. Qe2 a6 11. Kh1 Ne7 12. f4 Nc6 13. Be3 Qb4 14. a3 Qa5 15. b4 Bxb4 16. axb4 Qxa1 17. Bc5 b6 18. Bd6 Ne7 19. Qg4 Bb5 20. Qg5 Ra7 21. Bxb5+ axb5 22. Qxg7 Rg8 23. Qxh7 Qb2 24. Rg1 Rg6 25. Qh8+ Kd7 26. Qb8 Qa1 27. Qxb6 Nf5 28. Rc1 Nxd6 29. Qxd6+ Ke8 30. Rc8# 1-0


[Site "https://www.chess.com"]

[Event "Titled Tuesday Blitz February 22 Early 2022"]
[White "Cramling Bellon, Anna"]
[Black "Petrova, Irina"]
[WhiteFideId "32009232"]
[BlackFideId "14124122"]
[WhiteElo "1905"]
[BlackElo "1988"]
[Result "1-0"]
[Round "05"]
[TimeControl "180+1"]
[Date "2022.02.22"]
[WhiteClock "0:00:07"]
[BlackClock "0:00:10"]

1. d4 d6 2. c4 e5 3. dxe5 dxe5 4. Qxd8+ Kxd8 5. Nc3 c6 6. e4 Be6 7. Bg5+ f6 8. O-O-O+ Nd7 9. Be3 Kc7 10. f3 Ne7 11. Nge2 Bxc4 12. f4 Nc8 13. fxe5 fxe5 14. Ng3 Be6 15. Be2 Ncb6 16. Kb1 g6 17. Rhf1 Be7 18. Bh6 Rhg8 19. Rc1 g5 20. Nf5 Bxf5 21. exf5 Nf6 22. g4 Nbd5 23. Nxd5+ Nxd5 24. Bc4 Ne3 25. Bxg8 Rxg8 26. Rg1 Bf6 27. h4 e4 28. hxg5 Bxg5 29. Bxg5 Rxg5 30. Rce1 Nxg4 31. Rxe4 h5 32. f6 Rf5 33. Re7+ Kb6 34. f7 Rf2 35. Rh1 Rf5 36. Rxh5 Rf1+ 37. Kc2 c5 38. Rh8 Ne5 39. f8=Q Rxf8 40. Rxf8 Nc6 41. Rf6 Ka6 42. Ree6 Kb6 43. Kc3 Kb5 44. b3 Nb4 45. a3 Nd5+ 46. Kd3 Nxf6 47. Rxf6 b6 48. a4+ Kb4 49. Kc2 a6 50. Rf4+ Ka3 51. Rf6 b5 52. axb5 axb5 53. Rc6 Kb4 54. Rc8 c4 55. bxc4 bxc4 56. Kb2 Kb5 57. Kc3 1-0


[Site "https://www.chess.com"]

[Event "Titled Tuesday Blitz February 22 Early 2022"]
[White "Dahanayake, Isara Banidu"]
[Black "Prieto Aranguren, Alain"]
[WhiteFideId "9932631"]
[BlackFideId "2268906"]
[WhiteElo "1394"]
[BlackElo "2235"]
[Result "0-1"]
[Round "05"]
[TimeControl "180+1"]
[Date "2022.02.22"]
[WhiteClock "0:00:49"]
[BlackClock "0:00:36"]

1. e4 e5 2. Nf3 d5 3. Nxe5 dxe4 4. d4 Nf6 5. Bc4 Be6 6. Bxe6 fxe6 7. O-O Bd6 8. Bg5 Nc6 9. Nxc6 bxc6 10. Nc3 Rb8 11. Nxe4 Rxb2 12. Nxf6+ gxf6 13. Qh5+ Kd7 14. Qf7+ Qe7 15. Qxf6 Qxf6 16. Bxf6 Rf8 17. Bg5 Rxc2 18. Be3 Rb8 19. Rfc1 Rbb2 20. Rxc2 Rxc2 21. g4 a5 22. h4 a4 23. h5 Ke7 24. g5 a3 25. Kg2 Kf7 26. Kf3 c5 27. dxc5 Be5 28. Rc1 Rxa2 29. Rc4 Rb2 30. Bd4 Bxd4 31. Rxd4 Rb5 32. Ra4 Rxc5 33. g6+ hxg6 34. hxg6+ Kxg6 35. Rxa3 Kf5 36. Rb3 e5 37. Kg3 Rc4 38. Kf3 c5 39. Ke3 Rb4 40. Rc3 c4 41. Ra3 Rb3+ 42. Rxb3 cxb3 43. Kd2 Kf4 44. Kc3 Kf3 45. Kxb3 Kxf2 46. Kc3 e4 47. Kd4 e3 48. Kd3 e2 49. Kd2 e1=Q+ 0-1


[Site "https://www.chess.com"]

[Event "Titled Tuesday Blitz February 22 Early 2022"]
[White "Danaci, Ege"]
[Black "Ardila, Oscar Humberto"]
[WhiteFideId "34506748"]
[BlackFideId "4404742"]
[WhiteElo "1799"]
[BlackElo "1898"]
[Result "1/2-1/2"]
[Round "05"]
[TimeControl "180+1"]
[Date "2022.02.22"]
[WhiteClock "0:00:11"]
[BlackClock "0:00:13"]

1. e4 e5 2. Nf3 Nc6 3. d4 exd4 4. Nxd4 Nf6 5. Nxc6 bxc6 6. Bd3 d5 7. exd5 cxd5 8. O-O Be7 9. c4 Bb7 10. Qa4+ Qd7 11. Qxd7+ Nxd7 12. cxd5 Bxd5 13. Nc3 Be6 14. Bf4 c6 15. Be4 Rc8 16. Rad1 Nf6 17. Bf3 O-O 18. Rfe1 Rfd8 19. Rxd8+ Bxd8 20. b3 Ba5 21. Re3 Nd5 22. Nxd5 cxd5 23. g4 Bd2 24. Rxe6 fxe6 25. Bxd2 Rc2 26. Be3 Rxa2 27. b4 a5 28. bxa5 Rxa5 29. Kf1 Kf7 30. Ke2 Ra2+ 31. Kd3 h6 32. h4 Ra4 33. Bc5 Kf6 34. Bd1 Ra1 35. Bf3 Ra4 36. h5 Rc4 37. Bd4+ e5 38. Bb2 Rb4 39. Bc3 Rb5 40. Be2 Ke6 41. Bd2 Rb3+ 42. Kc2 Ra3 43. g5 hxg5 44. Bxg5 Ra2+ 45. Kd3 e4+ 46. Ke3 d4+ 47. Kxe4 Rxe2+ 48. Kxd4 Rxf2 49. h6 g6 50. Ke4 Rf5 51. h7 Rf8 52. Bh6 Ra8 53. Bg7 Kf7 54. h8=Q Re8+ 55. Kf4 Rxh8 56. Bxh8 Ke6 57. Ba1 g5+ 58. Kg4 Kd5 59. Bb2 Kc4 60. Ba1 Kd5 61. Bb2 Kc4 62. Ba1 Kb3 63. Bb2 Ka2 64. Ba1 Kb1 65. Kxg5 1/2-1/2


[Site "https://www.chess.com"]

[Event "Titled Tuesday Blitz February 22 Early 2022"]
[White "De Souza, Cristiano Gomes"]
[Black "Fathy, Elameir"]
[WhiteFideId "2151758"]
[BlackFideId "10600396"]
[WhiteElo "2068"]
[BlackElo "2311"]
[Result "1-0"]
[Round "05"]
[TimeControl "180+1"]
[Date "2022.02.22"]
[WhiteClock "0:00:57"]
[BlackClock "0:00:02"]

1. d4 d5 2. c4 c6 3. Nf3 Nf6 4. Nc3 dxc4 5. a4 Bf5 6. e3 e6 7. Bxc4 Bb4 8. O-O O-O 9. Bd3 Nbd7 10. Bxf5 exf5 11. Qd3 g6 12. Bd2 Qe7 13. Rfe1 Rfe8 14. Re2 Rad8 15. Rc1 Ne4 16. Be1 a5 17. Qc2 Kg7 18. Nxe4 fxe4 19. Nd2 f5 20. Nc4 Nf6 21. Nxa5 Ra8 22. Nc4 Bxe1 23. Rexe1 Qb4 24. b3 Nd5 25. Ne5 Red8 26. h3 Rac8 27. Qc4 Qe7 28. a5 Nb4 29. Qc5 Qxc5 30. Rxc5 Na6 31. Rc4 Rd5 32. Ra1 Rcd8 33. b4 Rb5 34. Rb1 h6 35. Kf1 Nc7 36. Rc5 Nd5 37. Rxb5 cxb5 38. Rc1 Nxb4 39. Rc5 Kf6 40. Rxb5 Nc2 41. Rxb7 Rc8 42. g3 Na3 43. a6 Rc2 44. a7 Ra2 1-0


[Site "https://www.chess.com"]

[Event "Titled Tuesday Blitz February 22 Early 2022"]
[White "De Verdier, Michael"]
[Black "Chernomordik, Pavel"]
[WhiteFideId "1710516"]
[BlackFideId "2804530"]
[WhiteElo "2301"]
[BlackElo "2249"]
[Result "1-0"]
[Round "05"]
[TimeControl "180+1"]
[Date "2022.02.22"]
[WhiteClock "0:00:05"]
[BlackClock "0:00:02"]

1. d4 g6 2. g3 Bg7 3. Bg2 d6 4. Nf3 Nf6 5. O-O O-O 6. a4 a5 7. c3 c6 8. Nbd2 Na6 9. Re1 Nc7 10. e4 b5 11. e5 Nfd5 12. axb5 cxb5 13. Ne4 Bb7 14. Bg5 Ne6 15. Bd2 f6 16. exd6 exd6 17. Qb3 Qd7 18. Re2 a4 19. Qa2 h6 20. Rae1 Rfe8 21. Bc1 f5 22. Ned2 Kh7 23. h4 Nec7 24. h5 g5 25. Nf1 Rxe2 26. Rxe2 a3 27. Ne1 Bc6 28. Bd2 axb2 29. Qxb2 Nb6 30. Bc1 Bxg2 31. Nxg2 Nc4 32. Qb1 Nd5 33. Nge3 Nxc3 34. Qd3 Nxe2+ 35. Qxe2 Re8 36. Qc2 Re4 37. f3 Nxe3 38. Nxe3 Rxe3 39. Bxe3 Qe6 40. Kf2 b4 41. g4 b3 42. Qb1 1-0


[Site "https://www.chess.com"]

[Event "Titled Tuesday Blitz February 22 Early 2022"]
[White "Deac, Bogdan-Daniel"]
[Black "Matinian, Nikita"]
[WhiteFideId "1226380"]
[BlackFideId "24129100"]
[WhiteElo "2646"]
[BlackElo "2422"]
[Result "1-0"]
[Round "05"]
[TimeControl "180+1"]
[Date "2022.02.22"]
[WhiteClock "0:00:54"]
[BlackClock "0:00:07"]

1. e4 e5 2. Nf3 Nc6 3. Bc4 Nf6 4. Ng5 d5 5. exd5 Na5 6. Bb5+ c6 7. dxc6 bxc6 8. Bd3 h6 9. Ne4 Nd5 10. O-O g6 11. Nbc3 Nf4 12. Be2 Bg7 13. d3 O-O 14. Bf3 f5 15. Nc5 g5 16. g3 Nh3+ 17. Kh1 f4 18. N3e4 fxg3 19. hxg3 Qe7 20. Be3 Rb8 21. Bg4 Nf4 22. Bd2 Nb7 23. Nxb7 Rxb7 24. Bxc8 Rxc8 25. gxf4 gxf4 26. Qg4 Kh8 27. Qxc8+ 1-0


[Site "https://www.chess.com"]

[Event "Titled Tuesday Blitz February 22 Early 2022"]
[White "Demchenko, Anton"]
[Black "Papp, Levente"]
[WhiteFideId "4160258"]
[BlackFideId "751243"]
[WhiteElo "2539"]
[BlackElo "2308"]
[Result "1-0"]
[Round "05"]
[TimeControl "180+1"]
[Date "2022.02.22"]
[WhiteClock "0:00:10"]
[BlackClock "0:00:08"]

1. e4 e6 2. d4 d5 3. Nd2 Nc6 4. Ngf3 Nf6 5. e5 Nd7 6. Bd3 f6 7. Ng5 Ndxe5 8. dxe5 fxg5 9. Qh5+ Kd7 10. Nf3 Qe8 11. Qxg5 Nb4 12. Bb5+ c6 13. Ba4 b5 14. Bb3 Qg6 15. Qxg6 hxg6 16. a3 Na6 17. c3 Nc5 18. Bc2 a5 19. O-O Be7 20. Be3 Na4 21. Rab1 c5 22. Rfd1 Nb6 23. Bxg6 Nc4 24. Bf4 a4 25. Nd2 Kc6 26. g3 Bd7 27. h4 Be8 28. Bxe8+ Rhxe8 29. Nf3 Reb8 30. Ne1 Kd7 31. Nd3 b4 32. cxb4 cxb4 33. axb4 Bxb4 34. b3 Na3 35. Rb2 axb3 36. Rxb3 Be7 37. Rxb8 Rxb8 38. Kg2 Nc4 39. Ra1 Ke8 40. Bg5 Rb3 41. Ra8+ Kd7 42. Ra7+ Kc6 43. Rxe7 Rxd3 44. Rxe6+ Kb5 45. Re7 Rd2 46. Bxd2 1-0


[Site "https://www.chess.com"]

[Event "Titled Tuesday Blitz February 22 Early 2022"]
[White "Dev, Shah"]
[Black "Dew, Brian"]
[WhiteFideId "35019058"]
[BlackFideId "6000495"]
[WhiteElo "2098"]
[BlackElo "2118"]
[Result "1-0"]
[Round "05"]
[TimeControl "180+1"]
[Date "2022.02.22"]
[WhiteClock "0:01:16"]
[BlackClock "0:00:01"]

1. d4 g6 2. c4 Bg7 3. Nf3 Nf6 4. Nc3 d5 5. cxd5 Nxd5 6. e4 Nxc3 7. bxc3 c5 8. Be3 cxd4 9. cxd4 Qa5+ 10. Qd2 Qxd2+ 11. Kxd2 Nc6 12. Bb5 Bd7 13. Rab1 b6 14. Rhc1 Na5 15. Rc7 Bxb5 16. Rxb5 e6 17. Kd1 O-O 18. Bd2 Rfd8 19. d5 exd5 20. exd5 a6 21. Rxb6 Rxd5 22. Kc2 Rad8 23. Rxa6 Bf8 24. Rxa5 Rxd2+ 25. Nxd2 1-0


[Site "https://www.chess.com"]

[Event "Titled Tuesday Blitz February 22 Early 2022"]
[White "Do Nascimento,Christian Almeida"]
[Black "De Souza Sa, Apolo"]
[WhiteFideId "2143801"]
[BlackFideId "324225390"]
[WhiteElo "2108"]
[BlackElo "1828"]
[Result "1-0"]
[Round "05"]
[TimeControl "180+1"]
[Date "2022.02.22"]
[WhiteClock "0:02:10"]
[BlackClock "0:01:40"]

1. d4 Nf6 2. Bg5 Ne4 3. Bf4 d5 4. e3 c5 5. Bd3 Nc6 6. Bxe4 dxe4 7. d5 Nb4 8. Nc3 e6 9. dxe6 Qxd1+ 10. Kxd1 Bxe6 11. a3 O-O-O+ 12. Kc1 Nd5 13. Nxe4 Nxf4 14. exf4 h6 15. Nf3 Bf5 16. Re1 Be7 17. Ng3 Be6 18. f5 1-0


[Site "https://www.chess.com"]

[Event "Titled Tuesday Blitz February 22 Early 2022"]
[White "Wagner, Dinara"]
[Black "Rodchenkov, Vitaly"]
[WhiteFideId "24157570"]
[BlackFideId "4152964"]
[WhiteElo "2216"]
[BlackElo "2337"]
[Result "1-0"]
[Round "05"]
[TimeControl "180+1"]
[Date "2022.02.22"]
[WhiteClock "0:02:26"]
[BlackClock "0:02:11"]

1. d4 Nf6 2. Nf3 b6 3. c4 Bb7 4. a3 g6 5. Nc3 Bg7 6. d5 e6 7. e4 exd5 8. cxd5 O-O 9. Bd3 Re8 10. O-O d6 11. Bc2 Nbd7 12. Nd4 a5 13. Rb1 h5 14. Re1 Ng4 15. h3 Nxf2 16. Kxf2 Qf6+ 17. Nf3 Ne5 18. Bg5 1-0


[Site "https://www.chess.com"]

[Event "Titled Tuesday Blitz February 22 Early 2022"]
[White "Dovbnia, Nikita"]
[Black "Omariev, Maksim"]
[WhiteFideId "54104599"]
[BlackFideId "4193423"]
[WhiteElo "2111"]
[BlackElo "2501"]
[Result "1/2-1/2"]
[Round "05"]
[TimeControl "180+1"]
[Date "2022.02.22"]
[WhiteClock "0:00:14"]
[BlackClock "0:00:01"]

1. Nf3 c5 2. g3 d5 3. Bg2 Nc6 4. d3 e5 5. O-O f6 6. c4 d4 7. Nbd2 Bd6 8. a3 Nge7 9. Rb1 O-O 10. Ne4 a5 11. Nfd2 Be6 12. Nxd6 Qxd6 13. Ne4 Qc7 14. Nxc5 Bg4 15. h3 Bf5 16. b4 axb4 17. axb4 b6 18. Ne4 Ra2 19. b5 Na5 20. Re1 Nb7 21. Qb3 Rfa8 22. Bb2 Bxe4 23. Bxe4 Nc5 24. Qc2 Nxe4 25. dxe4 Nc8 26. Ra1 Nd6 27. Rxa2 Rxa2 28. Rc1 Ra8 29. f3 Rc8 30. Ba3 Nxc4 31. Qb3 Kh8 32. Bd6 Qf7 33. Bb4 Kg8 34. Ra1 h5 35. h4 Kh7 36. Ra6 Qg6 37. Kg2 Ne3+ 38. Kf2 Rc1 39. Be1 Nd1+ 40. Kf1 Ne3+ 41. Kf2 Nd1+ 42. Kg2 Ne3+ 43. Kf2 1/2-1/2


[Site "https://www.chess.com"]

[Event "Titled Tuesday Blitz February 22 Early 2022"]
[White "Dreev, Aleksey"]
[Black "Vidit, Santosh Gujrathi"]
[WhiteFideId "4100107"]
[BlackFideId "5029465"]
[WhiteElo "2636"]
[BlackElo "2654"]
[Result "0-1"]
[Round "05"]
[TimeControl "180+1"]
[Date "2022.02.22"]
[WhiteClock "0:00:07"]
[BlackClock "0:00:13"]

1. d4 Nf6 2. c4 e6 3. Nc3 Bb4 4. Qc2 O-O 5. a3 Bxc3+ 6. Qxc3 d5 7. Nf3 dxc4 8. Qxc4 b6 9. Bg5 Bb7 10. e3 Nbd7 11. Be2 h6 12. Bh4 c5 13. O-O Bd5 14. Qa4 a6 15. Bxf6 Nxf6 16. dxc5 bxc5 17. Rfc1 Qb6 18. b4 Rfc8 19. bxc5 Rxc5 20. Qb4 Rxc1+ 21. Rxc1 Qxb4 22. axb4 Rb8 23. Nd4 Rxb4 24. Bxa6 g6 25. f3 Kg7 26. Kf2 e5 27. Ne2 e4 28. Nc3 Rb2+ 29. Be2 Bc4 30. h3 Nd5 31. Ke1 Bxe2 32. Nxd5 exf3 33. Nf4 g5 34. Nxe2 Rxe2+ 35. Kf1 Rxg2 36. Rc4 Rg3 37. h4 g4 38. h5 Rg2 39. Rf4 f6 40. e4 Kf7 41. e5 f5 42. Rxf5+ Ke6 43. Rf6+ Kxe5 44. Rf8 Rh2 45. Kg1 Rxh5 0-1


[Site "https://www.chess.com"]

[Event "Titled Tuesday Blitz February 22 Early 2022"]
[White "Dubov, Daniil"]
[Black "Rustemov, Alexander"]
[WhiteFideId "24126055"]
[BlackFideId "4119002"]
[WhiteElo "2791"]
[BlackElo "2719"]
[Result "1-0"]
[Round "05"]
[TimeControl "180+1"]
[Date "2022.02.22"]
[WhiteClock "0:00:22"]
[BlackClock "0:00:01"]

1. d4 d5 2. Nf3 Nf6 3. c4 e6 4. g3 Bb4+ 5. Nbd2 O-O 6. Bg2 b6 7. O-O Bb7 8. Ne5 Nbd7 9. Qa4 Bxd2 10. Bxd2 Nxe5 11. dxe5 Nd7 12. cxd5 Bxd5 13. Bxd5 Nc5 14. Qg4 exd5 15. Rfd1 Qd7 16. Qf3 Qe6 17. Bf4 Ne4 18. b4 c5 19. bxc5 bxc5 20. Qd3 g5 21. Be3 Rfd8 22. f3 d4 23. Qxe4 dxe3 24. Rd6 Qe7 25. Rad1 Re8 26. Rh6 Qxe5 27. Qxh7+ Kf8 28. Rdd6 Qg7 29. Qf5 Rad8 30. Qxc5 Kg8 31. Kg2 Rc8 32. Qd5 Rc2 33. Rdg6 Rxe2+ 34. Kf1 Rf2+ 35. Ke1 Rc8 36. Rxg7+ Kxg7 37. Qxg5+ Kf8 38. Rh8# 1-0


[Site "https://www.chess.com"]

[Event "Titled Tuesday Blitz February 22 Early 2022"]
[White "Durarbayli, Vasif"]
[Black "Zhigalko, Sergei"]
[WhiteFideId "13402935"]
[BlackFideId "13502956"]
[WhiteElo "2528"]
[BlackElo "2662"]
[Result "1-0"]
[Round "05"]
[TimeControl "180+1"]
[Date "2022.02.22"]
[WhiteClock "0:00:14"]
[BlackClock "0:00:03"]

1. e4 c5 2. Nf3 Nc6 3. Bb5 Nf6 4. e5 Nd5 5. O-O Nc7 6. a4 g6 7. Re1 Bg7 8. d3 O-O 9. Bg5 Ne6 10. Bh4 b6 11. Nc3 Bb7 12. Nd5 Re8 13. c3 d6 14. d4 cxd4 15. cxd4 dxe5 16. dxe5 a6 17. Bxc6 Bxc6 18. Nxe7+ Rxe7 19. Qxd8+ Rxd8 20. Bxe7 Re8 21. Bf6 Bxf3 22. Bxg7 Kxg7 23. gxf3 Nd4 24. Re4 Nxf3+ 25. Kg2 Nd2 26. Re2 Nb3 27. Rd1 Nc5 28. Rd4 a5 29. Kg3 g5 30. f4 Ne6 31. Rd6 Nxf4 32. Re3 Rc8 33. h4 h6 34. hxg5 hxg5 35. Kg4 Rc4 36. b3 Rb4 37. Kf3 Ne6 38. Rdd3 Kg6 39. Kg3 Nd4 40. Kg2 g4 41. Re4 Ne6 42. Rxb4 axb4 43. Kg3 Kf5 44. Rd6 Nc5 45. Rxb6 Nxb3 46. Rxb4 Nc5 47. a5 Ne4+ 48. Rxe4 Kxe4 49. a6 1-0


[Site "https://www.chess.com"]

[Event "Titled Tuesday Blitz February 22 Early 2022"]
[White "Dushyant Sharma"]
[Black "Korchmar, Vasiliy"]
[WhiteFideId "25065130"]
[BlackFideId "24131750"]
[WhiteElo "2012"]
[BlackElo "2370"]
[Result "0-1"]
[Round "05"]
[TimeControl "180+1"]
[Date "2022.02.22"]
[WhiteClock "0:00:38"]
[BlackClock "0:01:45"]

1. e4 c5 2. Nf3 d6 3. d4 cxd4 4. Nxd4 Nf6 5. Nc3 Nc6 6. f4 g6 7. Nf3 Bg7 8. Bd3 O-O 9. O-O Bg4 10. Qe1 a6 11. a4 Nb4 12. Kh1 Rc8 13. Bd2 Nd7 14. Qh4 Bxf3 15. Rxf3 Nc5 16. Rh3 h5 17. f5 Nbxd3 18. cxd3 Nb3 19. Nd5 Re8 20. Rd1 Nxd2 21. fxg6 fxg6 22. Qg5 e6 23. Qxg6 exd5 24. Rxh5 Re5 25. Rh3 Qg5 26. Qh7+ Kf8 27. Rg3 Qh6 0-1


[Site "https://www.chess.com"]